[Event "Titled Tuesday Blitz April 11 Late 2023"]
[White "Pakleza, Zbigniew"]
[Black "Kornyukov, Alexey"]
[WhiteFideId "1119290"]
[BlackFideId "4150457"]
[WhiteElo "2410"]
[BlackElo "2352"]
[Result "1-0"]
[Round "07"]
[TimeControl "180+2"]
[Date "2023.04.11"]
[WhiteClock "0:00:15"]
[BlackClock "0:00:03"]

1. d4 d5 2. Bf4 Nf6 3. e3 c5 4. c3 Nc6 5. Nd2 Qb6 6. Qb3 c4 7. Qxb6 axb6 8. a3 Bf5 9. h3 h6 10. g4 Bh7 11. Bg2 e6 12. Ne2 b5 13. O-O Be7 14. Rfe1 O-O 15. Bh2 Rfd8 16. Ng3 Bd6 17. f4 Bd3 18. g5 hxg5 19. fxg5 Nh7 20. h4 f6 21. e4 Bf4 22. exd5 exd5 23. Nf3 fxg5 24. Nh5 Bxh2+ 25. Kxh2 gxh4 26. Nxh4 Nf6 27. Ng3 Re8 28. Nhf5 Rad8 29. Rxe8+ Rxe8 30. Nd6 Re3 31. Bh3 1-0


[Site "https://www.chess.com"]

[Event "Titled Tuesday Blitz April 11 Late 2023"]
[White "Korchmar, Vasiliy"]
[Black "Dilmukhametov, Artur"]
[WhiteFideId "24131750"]
[BlackFideId "24179922"]
[WhiteElo "2370"]
[BlackElo "2199"]
[Result "1-0"]
[Round "07"]
[TimeControl "180+2"]
[Date "2023.04.11"]
[WhiteClock "0:00:12"]
[BlackClock "0:00:02"]

1. e4 e5 2. Nf3 Nf6 3. Nc3 Nc6 4. h3 Bb4 5. Nd5 Nxd5 6. exd5 Ne7 7. Nxe5 Nxd5 8. Bc4 Qe7 9. O-O O-O 10. d4 d6 11. Nd3 Nb6 12. Bb3 Ba5 13. Qh5 d5 14. Bxd5 Nxd5 15. Qxd5 Bb6 16. c3 Be6 17. Qxb7 Qd7 18. Nf4 Bf5 19. Qd5 Qc8 20. Re1 c6 21. Qf3 Qd7 22. Nh5 Bg6 23. Bf4 Rfe8 24. Be5 f6 25. Nxf6+ gxf6 26. Qxf6 Rxe5 27. Rxe5 Rf8 28. Qe6+ Qf7 29. Rae1 Kg7 30. Qxf7+ Bxf7 31. Re7 Kf6 32. b3 Ba5 33. b4 Bb6 34. a4 a5 35. Rb7 Bd8 36. Re3 Bd5 37. Rxh7 Kg6 38. Ra7 axb4 39. cxb4 Bh4 40. Re2 Kh6 41. Rc7 Rg8 42. g3 Bd8 43. Rc8 Rf8 44. a5 Kg7 45. Rc2 Bf6 46. Rxf8 Kxf8 47. Rd2 Bd8 48. a6 Bb6 49. h4 Ba7 50. h5 Kg7 51. g4 Kh6 52. Kh2 Kg5 53. Kh3 Bb8 54. Re2 Bf3 55. Re8 Bxg4+ 56. Kg2 Ba7 57. Ra8 Bxd4 58. a7 Be6 59. Rg8+ Bxg8 60. a8=Q Bd5+ 61. Kf1 Bc4+ 62. Ke1 Bc3+ 63. Kd1 Bd5 64. Qd8+ Bf6 65. Qd6 Kf5 66. h6 Be5 67. Qd7+ Be6 68. Qxc6 Bb3+ 69. Kd2 Bf4+ 70. Kc3 Be6 71. Qc5+ Be5+ 72. Kd2 Kf6 73. Qxe5+ Kxe5 74. h7 Kd5 75. h8=Q Bd7 76. Qh4 Kc6 77. Qg3 Be6 78. Qc3+ Kb5 79. Ke3 Kb6 80. Kf4 Kb7 81. Ke5 Bd7 82. f4 Bc6 83. Qd4 Bb5 84. Qc5 Bd7 85. Kd6 1-0


[Site "https://www.chess.com"]

[Event "Titled Tuesday Blitz April 11 Late 2023"]
[White "Duda, Jan-Krzysztof"]
[Black "Albuquerque Junior,Wellington S."]
[WhiteFideId "1170546"]
[BlackFideId "2151480"]
[WhiteElo "2790"]
[BlackElo "2109"]
[Result "1-0"]
[Round "07"]
[TimeControl "180+2"]
[Date "2023.04.11"]
[WhiteClock "0:02:20"]
[BlackClock "0:00:12"]

1. e4 c5 2. Nf3 d6 3. d4 cxd4 4. Nxd4 Nf6 5. Nc3 Nc6 6. Be2 e5 7. Nb3 Be7 8. Be3 a5 9. O-O O-O 10. Nd2 Be6 11. Nc4 Bxc4 12. Bxc4 a4 13. a3 Qa5 14. h3 Rfc8 15. Qd3 h6 16. Rfd1 Nd4 17. Bxd4 exd4 18. Qxd4 Qc5 19. Bb5 Qxd4 20. Rxd4 Ra5 21. Bxa4 Nh5 22. Nd5 Bf8 23. Bb3 Rac5 24. Rad1 1-0


[Site "https://www.chess.com"]

[Event "Titled Tuesday Blitz April 11 Late 2023"]
[White "Leitao, Rafael"]
[Black "Ozates, Tuna"]
[WhiteFideId "2101246"]
[BlackFideId "6354521"]
[WhiteElo "2609"]
[BlackElo "2151"]
[Result "1-0"]
[Round "07"]
[TimeControl "180+2"]
[Date "2023.04.11"]
[WhiteClock "0:01:23"]
[BlackClock "0:02:11"]

1. c4 e5 2. Nc3 Nc6 3. Nf3 Nf6 4. e4 d6 5. d4 exd4 6. Nxd4 Be7 7. Be2 O-O 8. O-O Nd7 9. Nf5 Bf6 10. Nd5 Re8 11. f3 Nde5 12. Nxf6+ Qxf6 13. Ne3 Be6 14. f4 Nd7 15. f5 Bxc4 16. Bxc4 Rxe4 17. Bd5 Rd4 18. Qf3 Nde5 19. Qg3 Rd3 20. Be4 Rd4 21. Nd5 Qd8 22. Bh6 g6 23. fxg6 fxg6 24. Bg5 1-0


[Site "https://www.chess.com"]

[Event "Titled Tuesday Blitz April 11 Late 2023"]
[White "Remizov, Yaroslav"]
[Black "Thorfinnsson, Bjorn"]
[WhiteFideId "34134015"]
[BlackFideId "2300982"]
[WhiteElo "2412"]
[BlackElo "2395"]
[Result "1-0"]
[Round "07"]
[TimeControl "180+2"]
[Date "2023.04.11"]
[WhiteClock "0:00:05"]
[BlackClock "0:01:24"]

1. e4 e5 2. Nf3 Nc6 3. Nc3 Nf6 4. Be2 d6 5. d4 Bd7 6. O-O h6 7. a4 g6 8. b3 exd4 9. Nxd4 Bg7 10. Bb2 O-O 11. Bf3 Re8 12. Nxc6 Bxc6 13. Nd5 Bxd5 14. exd5 Nd7 15. Bxg7 Kxg7 16. g3 Qf6 17. Bg2 Re7 18. Qd2 Rae8 19. Qa5 b6 20. Qxa7 Ne5 21. a5 bxa5 22. Qxa5 Nf3+ 23. Bxf3 Qxf3 24. Rae1 h5 25. h4 g5 26. Rxe7 gxh4 27. Rxf7+ Kxf7 28. Qxc7+ Re7 29. Qxd6 h3 30. Qf4+ Qxf4 31. gxf4 Re2 32. c4 Rb2 33. c5 Rxb3 34. Rc1 Ke7 35. c6 Kd8 36. d6 Rd3 37. d7 Kc7 38. Kh2 Rd4 39. f5 Rf4 40. Rd1 Rxf2+ 41. Kxh3 1-0


[Site "https://www.chess.com"]

[Event "Titled Tuesday Blitz April 11 Late 2023"]
[White "Averjanov, Alexey"]
[Black "Janaszak, Dawid"]
[WhiteFideId "14109867"]
[BlackFideId "1119206"]
[WhiteElo "2399"]
[BlackElo "2220"]
[Result "1-0"]
[Round "07"]
[TimeControl "180+2"]
[Date "2023.04.11"]
[WhiteClock "0:01:20"]
[BlackClock "0:00:04"]

1. d4 Nf6 2. c4 e6 3. Nf3 Bb4+ 4. Nbd2 d5 5. Qc2 O-O 6. g3 b6 7. Bg2 Bb7 8. O-O dxc4 9. Nxc4 Be7 10. Rd1 Nbd7 11. b3 Qc8 12. Bb2 Be4 13. Qd2 Qb7 14. Rac1 Rfd8 15. Ne1 Bxg2 16. Nxg2 Ne4 17. Qe1 Ndf6 18. Nf4 Rac8 19. Ne5 c5 20. f3 Nd6 21. dxc5 bxc5 22. Kg2 Nf5 23. e4 Nd4 24. Bxd4 cxd4 25. Rxc8 Qxc8 26. Rc1 Qa6 27. Qd2 Bf8 28. Nfd3 h6 29. Rc7 Rc8 30. Rxf7 Rc3 31. Nf4 Qc8 32. Qxd4 Rc2+ 33. Kh3 Rxa2 34. Nfg6 Bc5 35. Qc4 Kh7 36. Nf8+ Kg8 37. Nxe6 Kh7 38. Rxg7+ Kh8 39. Ng6# 1-0


[Site "https://www.chess.com"]

[Event "Titled Tuesday Blitz April 11 Late 2023"]
[White "Mikhailovsky, Vladimir"]
[Black "Coenen, Michael"]
[WhiteFideId "34105414"]
[BlackFideId "4697367"]
[WhiteElo "2275"]
[BlackElo "2328"]
[Result "0-1"]
[Round "07"]
[TimeControl "180+2"]
[Date "2023.04.11"]
[WhiteClock "0:00:02"]
[BlackClock "0:00:06"]

1. e4 c5 2. c3 g6 3. d4 cxd4 4. cxd4 d5 5. exd5 Nf6 6. Nf3 Nxd5 7. Nc3 Bg7 8. Bc4 Nb6 9. Bb3 O-O 10. h3 Nc6 11. Be3 Na5 12. O-O Nxb3 13. axb3 Be6 14. Na4 Nd5 15. Nc5 Nxe3 16. fxe3 Bd5 17. e4 Bc6 18. d5 Qb6 19. Rc1 Bb5 20. Rf2 Rac8 21. b4 Rfd8 22. Qe1 Be8 23. Kh1 Bh6 24. Rcc2 Rc7 25. Ne5 Bg7 26. Nc4 Qb5 27. Na3 Qb6 28. Rf3 Rcc8 29. Nc4 Qc7 30. Na3 Qb8 31. Qe2 b6 32. Nd3 Rxc2 33. Nxc2 Rc8 34. Ne3 Qc7 35. Rf1 Bb5 36. Qd2 Qb7 37. Rd1 Qa6 38. Nf2 Qa2 39. Nd3 Qb3 40. Ng4 h5 41. Ngf2 a6 42. Re1 Rc2 43. Qf4 Qc4 44. Ne5 Qc7 45. Qxf7+ Kh8 46. Nxg6+ Kh7 47. Nf8+ Kh8 48. Qxh5+ Kg8 49. Ne6 Qe5 50. Qxe5 Bxe5 51. Ng4 Bg3 52. Rf1 Bxf1 53. Ne3 Rc1 54. Nf5 Bd3# 0-1


[Site "https://www.chess.com"]

[Event "Titled Tuesday Blitz April 11 Late 2023"]
[White "Nazari, Arad"]
[Black "Lorenzo De La Riva, Lazaro"]
[WhiteFideId "12577324"]
[BlackFideId "2268809"]
[WhiteElo "2242"]
[BlackElo "2294"]
[Result "1-0"]
[Round "07"]
[TimeControl "180+2"]
[Date "2023.04.11"]
[WhiteClock "0:00:18"]
[BlackClock "0:00:15"]

1. e4 c6 2. Nf3 d5 3. Nc3 Bg4 4. h3 Bxf3 5. Qxf3 e6 6. Be2 g6 7. O-O Bg7 8. Rd1 d4 9. Nb1 Ne7 10. d3 c5 11. a4 Nbc6 12. Na3 O-O 13. Nc4 e5 14. Qg3 f5 15. Bg5 f4 16. Qh4 h5 17. g4 hxg4 18. Bxg4 Kf7 19. Bf3 Qd7 20. Qg4 Qxg4+ 21. Bxg4 Rad8 22. h4 Bf6 23. Kf1 Rh8 24. Ke2 Bxg5 25. hxg5 Rh4 26. Bf3 Nc8 27. Rh1 Rdh8 28. Rxh4 Rxh4 29. c3 Ke7 30. Rb1 Nd6 31. Na3 a6 32. Nc2 Kd7 33. b4 cxb4 34. cxb4 b5 35. Ra1 Nb8 36. Na3 Rh8 37. Bg4+ Kc7 38. Rc1+ Kb7 39. Be6 bxa4 40. Bd5+ Kb6 41. Nc4+ Nxc4 42. dxc4 Nc6 43. Bxc6 Kxc6 44. Ra1 Kb6 45. Rxa4 Rc8 46. Kd3 Rh8 47. Ra5 Rh3+ 48. Kd2 Rf3 49. Rxe5 Rxf2+ 50. Kd3 Rf1 51. Re6+ Kb7 52. Rxg6 Rd1+ 53. Ke2 Rb1 54. c5 Rxb4 55. Rb6+ Rxb6 56. cxb6 a5 57. g6 a4 58. g7 a3 59. g8=Q a2 60. Qxa2 Kxb6 61. Qd5 d3+ 62. Qxd3 f3+ 63. Kxf3 1-0


[Site "https://www.chess.com"]

[Event "Titled Tuesday Blitz April 11 Late 2023"]
[White "De La Colina, Nicolas"]
[Black "Sztokbant, Bernardo Vainzoff"]
[WhiteFideId "30946921"]
[BlackFideId "2115956"]
[WhiteElo "2046"]
[BlackElo "2222"]
[Result "1-0"]
[Round "07"]
[TimeControl "180+2"]
[Date "2023.04.11"]
[WhiteClock "0:00:10"]
[BlackClock "0:00:02"]

1. e4 c5 2. Nf3 Nc6 3. c3 d5 4. exd5 Qxd5 5. d4 Bg4 6. dxc5 Qxd1+ 7. Kxd1 e5 8. b4 a5 9. b5 Nce7 10. h3 Bxf3+ 11. gxf3 Ng6 12. c6 bxc6 13. a4 O-O-O+ 14. Kc2 N8e7 15. Nd2 Nh4 16. Be2 Nd5 17. Nb3 Nxc3 18. Kxc3 Bb4+ 19. Kc2 cxb5 20. axb5 Nf5 21. Bb2 f6 22. Rhd1 Kc7 23. Bc3 Rxd1 24. Bxd1 Kb6 25. Bxb4 axb4 26. Be2 Rc8+ 27. Kb2 Rc3 28. Ra6+ Kc7 29. Ra7+ Kb6 30. Rd7 h5 31. Rf7 Rxb3+ 32. Kxb3 Nd4+ 33. Kxb4 Nxe2 34. Rxg7 Nf4 35. Kc4 Nxh3 36. Rg6 Ng5 37. Rxf6+ Kb7 38. Kc5 h4 39. Rf5 Ne6+ 40. Kd6 Nd4 41. Rf7+ Kb6 42. Kxe5 Nxb5 43. Rh7 Nd4 44. Kxd4 Kc6 45. Rh6+ Kd7 46. Rxh4 Ke8 47. Ke4 1-0


[Site "https://www.chess.com"]

[Event "Titled Tuesday Blitz April 11 Late 2023"]
[White "Idani, Pouya"]
[Black "Girsh, Daniel"]
[WhiteFideId "12510130"]
[BlackFideId "30949190"]
[WhiteElo "2574"]
[BlackElo "2075"]
[Result "1-0"]
[Round "07"]
[TimeControl "180+2"]
[Date "2023.04.11"]
[WhiteClock "0:00:07"]
[BlackClock "0:00:02"]

1. e4 c6 2. d4 d5 3. e5 Bf5 4. g4 Bd7 5. Nc3 e6 6. Be3 a6 7. Qd2 Qc7 8. O-O-O c5 9. dxc5 Bxc5 10. f4 Nh6 11. h3 b5 12. Nf3 b4 13. Bxc5 Qxc5 14. Ne2 Nc6 15. Ned4 Nxd4 16. Nxd4 O-O 17. f5 Kh8 18. f6 Ng8 19. g5 Rfc8 20. h4 a5 21. h5 a4 22. g6 b3 23. a3 bxc2 24. Re1 Rab8 25. gxf7 Qb6 26. fxg7+ Kxg7 27. Rg1+ Kxf7 28. Qf4+ Ke7 29. Rg7+ Kd8 30. Rxg8+ Kc7 31. Rxc8+ Kxc8 32. Nxc2 Qxb2+ 33. Kd2 Rb3 34. Qd4 Qa2 35. Re3 Bb5 36. Bxb5 Rxb5 37. Rc3+ Kd8 38. Qxa4 1-0


[Site "https://www.chess.com"]

[Event "Titled Tuesday Blitz April 11 Late 2023"]
[White "Mazurkiewicz, Michal"]
[Black "Ezat, Mohamed"]
[WhiteFideId "1124943"]
[BlackFideId "10600906"]
[WhiteElo "2054"]
[BlackElo "2386"]
[Result "0-1"]
[Round "07"]
[TimeControl "180+2"]
[Date "2023.04.11"]
[WhiteClock "0:00:06"]
[BlackClock "0:00:44"]

1. e4 c6 2. d3 d5 3. Nd2 e5 4. Ngf3 Bd6 5. d4 exd4 6. exd5 cxd5 7. Nxd4 Nc6 8. Bb5 Bd7 9. Qe2+ Nge7 10. N2f3 O-O 11. O-O Ng6 12. Bg5 Qc7 13. g3 Bg4 14. Qd2 Qb6 15. Be2 Rae8 16. Be3 Qd8 17. c3 Qd7 18. Rfe1 Kh8 19. Bf1 f5 20. h4 f4 21. gxf4 Nxd4 22. Nxd4 Nxh4 23. f5 Nf3+ 24. Nxf3 Bxf3 25. Bf4 Bc5 26. Bg3 Qxf5 27. Rxe8 Rxe8 28. Re1 Rf8 29. Bg2 Qg4 30. Bxf3 Qxg3+ 31. Bg2 Bxf2+ 32. Kh1 Qh4+ 33. Bh3 Qxh3# 0-1


[Site "https://www.chess.com"]

[Event "Titled Tuesday Blitz April 11 Late 2023"]
[White "Danielyan, Vahe"]
[Black "Hoffmann, Asa"]
[WhiteFideId "13304828"]
[BlackFideId "2001470"]
[WhiteElo "2423"]
[BlackElo "2117"]
[Result "1-0"]
[Round "07"]
[TimeControl "180+2"]
[Date "2023.04.11"]
[WhiteClock "0:01:34"]
[BlackClock "0:00:33"]

1. d4 Nf6 2. Nf3 d6 3. Nbd2 c6 4. e4 Bg4 5. Be2 e6 6. O-O d5 7. e5 Nfd7 8. h3 Bh5 9. Nb3 Be7 10. c3 b6 11. Nh2 Bg6 12. Bd3 c5 13. Bxg6 hxg6 14. Ng4 Nc6 15. Be3 a5 16. Rc1 a4 17. Na1 c4 18. Nc2 b5 19. a3 Na5 20. Qf3 Bg5 21. Rce1 Nb3 22. Nb4 Rc8 23. Bxg5 Qxg5 24. Nxd5 Nd2 25. Qe3 Qxe3 26. Ndxe3 Nxf1 27. Kxf1 Nb6 28. Ke2 Ke7 29. f4 Rcd8 30. Nf2 Nd5 31. Nxd5+ Rxd5 32. Ne4 f6 33. Kf3 Rh5 34. Ng3 Rh4 35. Nf1 g5 36. fxg5 fxg5 37. Ne3 Rf4+ 38. Kg3 Rd8 39. Ng4 Rdf8 40. Re2 Rf1 41. Ne3 Rc1 42. d5 exd5 43. Nxd5+ Ke6 44. Nc7+ Kd7 45. Nxb5 Rd1 46. e6+ Ke7 47. Nd4 Rf4 48. Re5 Rd3+ 49. Kh2 Rdxd4 50. cxd4 Rxd4 51. Rxg5 Kxe6 52. Rxg7 Rd2 53. Rb7 Rd3 54. Rb4 Kd5 55. Rxa4 Rb3 56. Rb4 Rxb4 57. axb4 Kc6 58. h4 Kb5 59. h5 Kxb4 60. h6 Kb3 61. h7 Kxb2 62. h8=Q+ 1-0


[Site "https://www.chess.com"]

[Event "Titled Tuesday Blitz April 11 Late 2023"]
[White "Kula, Robert"]
[Black "Sabuk, Piotr"]
[WhiteFideId "1101218"]
[BlackFideId "1137565"]
[WhiteElo "2180"]
[BlackElo "2298"]
[Result "1-0"]
[Round "07"]
[TimeControl "180+2"]
[Date "2023.04.11"]
[WhiteClock "0:00:04"]
[BlackClock "0:00:03"]

1. d4 Nf6 2. c4 e6 3. Nc3 Bb4 4. Nf3 c5 5. e3 Nc6 6. Bd3 d6 7. O-O Bxc3 8. bxc3 e5 9. d5 Ne7 10. Qc2 Bg4 11. Nd2 Qc7 12. a4 a5 13. Rb1 b6 14. Rb2 Bd7 15. Nb1 O-O 16. Na3 Rad8 17. Nb5 Qb8 18. f3 Rfe8 19. Bd2 Ng6 20. Rfb1 e4 21. Be2 Bf5 22. f4 Re7 23. Qd1 h6 24. Be1 Bc8 25. g4 Ba6 26. h4 Nd7 27. h5 Ngf8 28. Bh4 f6 29. Bf1 Rde8 30. Bh3 Bxb5 31. Rxb5 Qd8 32. Qe1 Kh7 33. g5 fxg5 34. fxg5 Kh8 35. g6 Qc7 36. Bxe7 Rxe7 37. Qg3 Kg8 38. R5b2 Re5 39. Bg4 Rg5 40. Rf1 Ne5 41. Rf4 Qd7 42. Be6+ Nxe6 43. dxe6 Rxg3+ 44. Kh2 Qxe6 45. Kxg3 Nxg6 46. hxg6 Qxg6+ 47. Kh2 Qh5+ 48. Kg2 Qg5+ 49. Kh2 Qe5 50. Rc2 Kh7 51. Kg2 g5 52. Rff2 Kg6 53. Rf8 Qe6 54. Rcf2 Qxc4 55. R8f6+ Kh5 56. Kg3 g4 57. R2f5# 1-0


[Site "https://www.chess.com"]

[Event "Titled Tuesday Blitz April 11 Late 2023"]
[White "Alahakoon, Isuru"]
[Black "Di Berardino, Diego Rafael"]
[WhiteFideId "9900993"]
[BlackFideId "2105446"]
[WhiteElo "1995"]
[BlackElo "2432"]
[Result "0-1"]
[Round "07"]
[TimeControl "180+2"]
[Date "2023.04.11"]
[WhiteClock "0:00:10"]
[BlackClock "0:00:03"]

1. Nf3 Nf6 2. d4 g6 3. Bg5 Bg7 4. Nbd2 O-O 5. c3 d6 6. e4 Nc6 7. Bc4 e5 8. dxe5 dxe5 9. O-O Qe7 10. b4 a6 11. Qe2 Be6 12. Nb3 h6 13. Bh4 Bxc4 14. Qxc4 Rfe8 15. Rfe1 Nd8 16. Rad1 b6 17. Rd2 Qe6 18. Qxe6 Rxe6 19. Red1 Nb7 20. Bxf6 Bxf6 21. Rd7 Rc6 22. R1d3 Nd6 23. g4 Kf8 24. h4 Ke8 25. Rxc7 Rxc7 26. Rxd6 Ke7 27. Rxb6 Rxc3 28. Kg2 Rc7 29. g5 hxg5 30. hxg5 Bg7 31. Na5 Kd7 32. a4 Ke7 33. Nc6+ Kf8 34. Ncxe5 Bxe5 35. Nxe5 Re8 36. f4 Rc3 37. Rb7 Rd8 38. Rxf7+ Kg8 39. Rd7 Rdc8 40. Rd2 Rb3 41. Rd4 Rc2+ 42. Kf1 Rb1+ 0-1


[Site "https://www.chess.com"]

[Event "Titled Tuesday Blitz April 11 Late 2023"]
[White "Howell, David W L"]
[Black "Zampronha, Wladimir Camilo"]
[WhiteFideId "410608"]
[BlackFideId "2103087"]
[WhiteElo "2567"]
[BlackElo "2176"]
[Result "1-0"]
[Round "07"]
[TimeControl "180+2"]
[Date "2023.04.11"]
[WhiteClock "0:01:15"]
[BlackClock "0:00:12"]

1. c4 Nf6 2. b3 e6 3. Bb2 d5 4. Nf3 c5 5. e3 Nc6 6. cxd5 exd5 7. Bb5 Bd6 8. O-O O-O 9. Nc3 Bg4 10. h3 Bh5 11. Bxc6 bxc6 12. Ne2 Bxf3 13. gxf3 Re8 14. Rc1 Qd7 15. Kg2 Qf5 16. Ng3 Qe6 17. Qc2 h5 18. Rg1 h4 19. Nf5 Rab8 20. Nxd6 Qxd6 21. Qxc5 Qd7 22. Bxf6 gxf6 23. Kh2+ Kh7 24. Qd4 Qd6+ 25. Kh1 1-0


[Site "https://www.chess.com"]

[Event "Titled Tuesday Blitz April 11 Late 2023"]
[White "Przybylski, Wojciech"]
[Black "Urazayev, Arystanbek"]
[WhiteFideId "1117599"]
[BlackFideId "13709810"]
[WhiteElo "2222"]
[BlackElo "2449"]
[Result "1-0"]
[Round "07"]
[TimeControl "180+2"]
[Date "2023.04.11"]
[WhiteClock "0:00:05"]
[BlackClock "0:00:03"]

1. e4 c5 2. Nf3 d6 3. d4 cxd4 4. Nxd4 Nf6 5. Nc3 a6 6. Be3 e5 7. Nb3 Be6 8. f3 h5 9. Qd2 Be7 10. Nd5 Nxd5 11. exd5 Bf5 12. O-O-O Nd7 13. Bd3 Bxd3 14. Qxd3 Rc8 15. Kb1 Qc7 16. f4 O-O 17. h3 Bf6 18. g4 exf4 19. Bxf4 Be5 20. Bc1 h4 21. Rhf1 Nc5 22. Nxc5 Qxc5 23. c3 Qc4 24. Bg5 Bg3 25. Qf5 g6 26. Qf3 Rce8 27. Bh6 Qe4+ 28. Qxe4 Rxe4 29. Bxf8 Kxf8 30. Kc2 Re2+ 31. Rd2 Re3 32. Rd3 Re2+ 33. Rd2 Re3 34. a4 a5 35. Rd3 Re2+ 36. Rd2 Re3 37. Rb1 f5 38. gxf5 gxf5 39. Rd3 Re2+ 40. Rd2 Re3 41. Rf1 f4 42. Rd3 Re2+ 43. Rd2 Re4 44. b3 Ke7 45. Kd3 Re3+ 46. Kd4 Kd7 47. b4 axb4 48. cxb4 Rb3 49. Kc4 Ra3 50. a5 Kc7 51. Kb5 Rc3 52. Rb2 f3 53. Rd2 f2 54. Rd4 Re3 55. Rc4+ Kd7 56. Kb6 Re1 57. Rc1 Re4 58. b5 Rb4 59. Rb1 Ra4 60. a6 bxa6 61. bxa6 Bf4 62. Kb7 Be3 63. Rb3 Bc5 64. Rb5 Bd4 65. Rb3 Bc5 66. Rb2 Rf4 67. a7 Bd4 68. a8=Q Bxb2 69. Qc8+ Ke7 70. Qe6+ Kd8 71. Qxd6+ Ke8 72. Qxf4 Be5 73. Qe4 Kd7 74. Qxe5 Kd8 75. Qd6+ 1-0


[Site "https://www.chess.com"]

[Event "Titled Tuesday Blitz April 11 Late 2023"]
[White "Tanenbaum, Zachary"]
[Black "Araujo Sanchez, Josue"]
[WhiteFideId "2060850"]
[BlackFideId "6416896"]
[WhiteElo "2175"]
[BlackElo "2420"]
[Result "0-1"]
[Round "07"]
[TimeControl "180+2"]
[Date "2023.04.11"]
[WhiteClock "0:00:05"]
[BlackClock "0:00:11"]

1. e4 c5 2. Nf3 e6 3. d4 cxd4 4. Nxd4 a6 5. Bd3 Qc7 6. O-O Nf6 7. Qe2 d6 8. b3 Be7 9. Bb2 O-O 10. Nd2 b6 11. f4 Nbd7 12. Rae1 Nc5 13. Rf3 Bb7 14. Rh3 Nxd3 15. cxd3 Rfe8 16. g4 Nd7 17. g5 Nf8 18. Qg4 d5 19. f5 Bc5 20. b4 Bxd4+ 21. Bxd4 exf5 22. Qh4 dxe4 23. dxe4 Bxe4 24. Nxe4 Rxe4 25. Rxe4 fxe4 26. Qxe4 Rd8 27. Rc3 Qd6 28. Be3 Qd1+ 29. Kg2 Qe2+ 30. Kg3 Rd2 31. Rc8 Qxh2+ 32. Kf3 Qh3+ 33. Kf4 Qxc8 34. Bxd2 Qc7+ 35. Kf3 Qd7 36. Be3 Qh3+ 37. Kf2 Qh2+ 38. Ke1 Qd6 39. Ke2 b5 40. a3 Qe6 41. Qf3 f6 42. gxf6 Qxf6 43. Qd5+ Qe6 44. Qa8 h6 45. Kf2 Qf7+ 46. Ke2 Kh7 47. Bc5 Qe6+ 48. Kd2 Ng6 49. Kc3 Qc4+ 50. Kb2 Qe6 51. Bd4 Qd6 52. Bc3 Qh2+ 53. Kb3 Qd6 54. Qa7 Qe6+ 55. Kb2 Ne5 56. Qd4 Nc4+ 57. Kb1 Qg6+ 58. Kc1 Nxa3 59. Kb2 Nc4+ 60. Kc1 h5 61. Qd5 Qh6+ 62. Kc2 Qg6+ 63. Kc1 Qh6+ 64. Kb1 h4 65. Qe4+ Qg6 66. Qxg6+ Kxg6 67. Kc2 h3 68. Bd4 h2 69. Kd3 h1=Q 70. Kc3 Qd5 71. Kd3 Kf5 72. Kc3 Ke4 73. Kb3 Qxd4 74. Kc2 Qd3+ 75. Kc1 Qd2+ 76. Kb1 Qb2# 0-1


[Site "https://www.chess.com"]

[Event "Titled Tuesday Blitz April 11 Late 2023"]
[White "Adewumi, Tanitoluwa"]
[Black "Sai Han Thiha"]
[WhiteFideId "30966396"]
[BlackFideId "13012290"]
[WhiteElo "2283"]
[BlackElo "1954"]
[Result "0-1"]
[Round "07"]
[TimeControl "180+2"]
[Date "2023.04.11"]
[WhiteClock "0:00:04"]
[BlackClock "0:00:12"]

1. e4 c6 2. d4 d5 3. exd5 cxd5 4. Bd3 Nc6 5. c3 Nf6 6. h3 g6 7. Nf3 Bf5 8. O-O Bxd3 9. Qxd3 Qc7 10. Re1 Bg7 11. Bg5 O-O 12. Nbd2 e6 13. Rac1 h6 14. Bh4 Rfd8 15. Bg3 Qb6 16. b4 a5 17. b5 Ne7 18. a4 Nf5 19. Bh2 Rac8 20. c4 dxc4 21. Nxc4 Qa7 22. Qc3 b6 23. Qb2 Qb7 24. Nce5 Rxc1 25. Rxc1 Nd5 26. Nc6 Re8 27. Be5 f6 28. Bh2 Bf8 29. Nd2 Nd6 30. Qb3 Qf7 31. Re1 Nf5 32. Ne4 g5 33. Kh1 Kg7 34. Kg1 Qd7 35. Qf3 Nde7 36. Nxf6 Kxf6 37. g4 Qd5 38. Qxd5 Nxd5 39. gxf5 Kxf5 40. Re5+ Kf6 41. Re4 Nc3 42. Re3 Nxa4 43. Rf3+ Kg7 44. Be5+ Kg6 45. Bc7 Bb4 46. Bxb6 Nxb6 47. Ne5+ Kh5 48. Kg2 Nd5 49. Rf7 Nf4+ 50. Kg3 Bc3 51. Rg7 Bxd4 0-1


[Site "https://www.chess.com"]

[Event "Titled Tuesday Blitz April 11 Late 2023"]
[White "Roberson, Peter T"]
[Black "Castaneda, Jhon David"]
[WhiteFideId "412384"]
[BlackFideId "4405048"]
[WhiteElo "2346"]
[BlackElo "2102"]
[Result "0-1"]
[Round "07"]
[TimeControl "180+2"]
[Date "2023.04.11"]
[WhiteClock "0:00:24"]
[BlackClock "0:01:07"]

1. d4 Nf6 2. c4 e6 3. Nf3 d5 4. h3 dxc4 5. e3 a6 6. Bxc4 b5 7. Bd3 Bb7 8. O-O Nbd7 9. a4 b4 10. Nbd2 c5 11. Nc4 a5 12. b3 Be7 13. Bb2 O-O 14. Qe2 Ne4 15. Rac1 Ndf6 16. Rfd1 Bd5 17. dxc5 Nxc5 18. e4 Nxd3 19. Rxd3 Bxc4 20. Rxc4 Qb6 21. Ne5 Rac8 22. Rxc8 Rxc8 23. Nc4 Qc7 24. Be5 Qa7 25. Bd4 Qa6 26. Bxf6 Bxf6 27. Rd6 Qa7 28. Qd3 g6 29. g3 Kg7 30. Kg2 h5 31. h4 Rc7 32. Rb6 Rxc4 33. Qxc4 Qxb6 34. f4 Qd4 35. Qb5 Qxe4+ 36. Kh2 Qd5 37. Qb6 Bd4 0-1


[Site "https://www.chess.com"]

[Event "Titled Tuesday Blitz April 11 Late 2023"]
[White "Petre, Nad-Titus"]
[Black "Aldokhin, Ivan"]
[WhiteFideId "1204165"]
[BlackFideId "24115720"]
[WhiteElo "2354"]
[BlackElo "2322"]
[Result "0-1"]
[Round "07"]
[TimeControl "180+2"]
[Date "2023.04.11"]
[WhiteClock "0:01:41"]
[BlackClock "0:01:22"]

1. Nf3 Nf6 2. g3 g6 3. b3 Bg7 4. Bb2 d6 5. d4 O-O 6. Bg2 Bf5 7. Nh4 Bc8 8. Nf3 c6 9. Nbd2 Nbd7 10. a4 Qc7 11. Nc4 a5 12. Qd2 b6 13. O-O Ba6 14. Ne3 Ne4 15. Qd1 Ndf6 16. c4 d5 17. Ne5 Rfd8 18. cxd5 cxd5 19. Rc1 Qb7 20. Ba3 Rac8 21. f3 Nc3 22. Rxc3 Rxc3 23. N3g4 Nxg4 24. fxg4 f6 25. Nd3 Bxd3 26. exd3 e6 27. g5 f5 28. Bb2 Rc6 29. Kh1 Rdc8 30. Re1 Rc2 31. Re2 Qc6 32. Qe1 Rxe2 33. Qxe2 Kf7 0-1


[Site "https://www.chess.com"]

[Event "Titled Tuesday Blitz April 11 Late 2023"]
[White "Hadzovic, Amir"]
[Black "Domingo Nunez, Ruben"]
[WhiteFideId "14402300"]
[BlackFideId "22245570"]
[WhiteElo "2294"]
[BlackElo "2404"]
[Result "1-0"]
[Round "07"]
[TimeControl "180+2"]
[Date "2023.04.11"]
[WhiteClock "0:01:09"]
[BlackClock "0:01:14"]

1. e4 g6 2. Nc3 Bg7 3. Bc4 c6 4. d3 d5 5. Bb3 d4 6. Nce2 a5 7. a4 Na6 8. f4 h5 9. Nf3 h4 10. O-O h3 11. g3 Bg4 12. Qe1 Nb4 13. Bd2 Qb6 14. Ne5 Bxe5 15. fxe5 f6 16. exf6 Nxf6 17. Nf4 O-O-O 18. Nxg6 Rh7 19. Ne5 Bh5 20. Bf4 c5 21. Nc4 Qa6 22. Na3 Bf7 23. Bxf7 Rxf7 24. Nb5 Nxc2 25. Qc1 Nxa1 26. Qxc5+ Kd7 27. Qxd4+ 1-0


[Site "https://www.chess.com"]

[Event "Titled Tuesday Blitz April 11 Late 2023"]
[White "Vovk, Orest"]
[Black "Manzone, Alessandro"]
[WhiteFideId "14113490"]
[BlackFideId "112488"]
[WhiteElo "2215"]
[BlackElo "2255"]
[Result "0-1"]
[Round "07"]
[TimeControl "180+2"]
[Date "2023.04.11"]
[WhiteClock "0:00:03"]
[BlackClock "0:00:10"]

1. h4 e5 2. h5 h6 3. d4 exd4 4. Qxd4 Nf6 5. g4 Nc6 6. Qa4 d5 7. g5 Ne4 8. gxh6 gxh6 9. Nd2 Nc5 10. Qh4 Be7 11. Qg3 Bd6 12. Qe3+ Be6 13. Ngf3 Qf6 14. Bh3 O-O-O 15. Bxe6+ fxe6 16. Nb3 Ne4 17. c3 Kb8 18. Nfd4 Nxd4 19. Nxd4 Bc5 20. Qf4 Bxd4 21. cxd4 Qxd4 22. Be3 Qb4+ 23. Kf1 Rhf8 24. Qe5 Rde8 25. Rc1 Qe7 26. Qd4 b6 27. Ke1 Rf5 28. Qa4 Ref8 29. f3 Nd6 30. Bf2 e5 31. b3 e4 32. Bg3 exf3 33. Rh2 Rg8 34. Bxd6 Qxd6 35. Rf2 Rg1+ 36. Kd2 Rxc1 37. Kxc1 Qc5+ 38. Kd1 Qxf2 39. Qe8+ Kb7 40. Qe3 Qxe3 0-1


[Site "https://www.chess.com"]